 Dungeon Crawl Stone Soup version 0.30-a0-632-g346586fe48 (webtiles) character file.

Game seed: 14152809387133315818

13 Leeroy the Slasher (level 2, -1/17 HPs)
             Began as a Tengu Warper on Jan 13, 2023.
             Succumbed to Robin's poison
             ... on level 2 of the Dungeon.
             The game lasted 00:00:38 (86 turns).

Leeroy the Slasher (Tengu Warper)                     Turns: 86, Time: 00:00:38

Health: -1/17      AC:  3    Str:  9 (11) XL:     2   Next: 37%
Magic:  6/6        EV: 11    Int: 12 (13) God:
Gold:   0          SH:  0    Dex: 11 (13) Spells: 5/5 levels left

rFire   . . .      SeeInvis .    e - +2 short sword (drain)
rCold   . . .      Faith    .    (no shield)
rNeg    . . .      Spirit   .    b - +0 leather armour
rPois   .          Reflect  .    (helmet restricted)
rElec   .          Harm     .    (no cloak)
rCorr   .          Rampage  .    (no gloves)
Will    .....                    (boots unavailable)
Stlth   +                        (no amulet)
HPRegen 0.22/turn                (no ring)
MPRegen 0.10/turn                (no ring)

@: lethally poisoned (-1 -> -8)
A: beak, talons 3
a: no special abilities


You were on level 2 of the Dungeon.
You visited 1 branch of the dungeon, and saw 2 of its levels.

Inventory:

Hand Weapons
 a - a +0 falchion
 e - a +2 short sword of draining (weapon)
Missiles
 d - 6 boomerangs of dispersal (quivered)
Armour
 b - a +0 leather armour (worn)
Scrolls
 c - a scroll of blinking


   Skills:
 - Level 2.0 Fighting
 + Level 3.3 Long Blades
 - Level 1.0 Throwing
 - Level 1.1 Armour
 - Level 2.1 Dodging
 - Level 2.0 Spellcasting
 - Level 2.4 Translocations


You had 5 spell levels left.
You didn't know any spells.
Your spell library contained the following spells:

 Spells                   Type           Power      Damage    Failure   Level
 Blink                    Tloc           12%        N/A       22%         2
 Lesser Beckoning         Tloc           12%        N/A       38%         3
 Teleport Other           Tloc           6%         N/A       38%         3
 Vhi's Electric Charge    Tloc/Air       8%         N/A       56%         3
 Manifold Assault         Tloc           6%         N/A       80%         4


Dungeon Overview and Level Annotations

Branches:
Dungeon (1/15)

Altars:

Annotations:
D:2 Robin


Innate Abilities, Weirdness & Mutations

You have a beak for a mouth.
You have claws for feet.


Message History

Your Long Blades skill increases to level 3!
You have reached level 2!
You hit the goblin. You drain the goblin.
You kill the goblin!
You puncture the goblin!
You kill the goblin!
Robin says, "Duck!"
Robin roars a battlecry!
The goblins go into a battle-frenzy!
Robin's horned helmet rattles.
Robin says, "A pitiful Tengu like you will never find the ORB!"
The goblin no longer looks unusually strong.
You hit the goblin.
You kill the goblin!
The goblin no longer looks unusually strong.
You closely miss the goblin. You peck the goblin.
You kill the goblin!
Press: ? - help, v - describe, . - travel
Here: Robin, wielding a +5 short sword of venom, wearing a +0 animal skin and wearing a +0 helmet The floor.
You don't know any spells.
You aren't carrying any items that you can evoke.
Okay, then.
You hit Robin but do no damage. You peck Robin, but do no damage.
Robin hits you with a +5 short sword of venom.
You are poisoned.
You don't know any spells.
Throw: 7 boomerangs (disperse)
Press: ? - help, Q - select action Shift-Dir - straight line, f - Robin
Aim: Robin, wielding a +5 short sword of venom, wearing a +0 animal skin and wearing a +0 helmet (65% to hit)
You throw a boomerang of dispersal.
The boomerang of dispersal barely misses Robin.
You feel very sick.
Robin hits you with a +5 short sword of venom!
Ouch! That really hurt!
* * * LOW HITPOINT WARNING * * *
It was a potion of degeneration.
There was something very wrong with that liquid.
You feel weakened.
You feel dopey.
You feel clumsy.
You die...

##################
...)......g.g....#
################.#
#....#.# #.##.#g#
#.#..#@# #.#†.#.#
#.#..#.# #.#.##.#
#......# ###.####
#†# #.# #.#


You could see Robin.

Vanquished Creatures
  A dart slug (D:2)
  A hobgoblin (D:2)
  7 goblins (D:2)
  A kobold (D:2)
10 creatures vanquished.

Notes
Turn   | Place    | Note
-------+----------+-------------------------------------------
     0 | D:1      | Leeroy the Tengu Warper began the quest for the Orb.
     0 | D:1      | Reached XP level 1. HP: 12/12 MP: 4/4
     1 | D:1      | You fall into a shaft and drop 1 floor!
    54 | D:2      | Noticed Robin
    62 | D:2      | Reached skill level 3 in Long Blades
    62 | D:2      | Reached XP level 2. HP: 13/17 MP: 6/6
    86 | D:2      | Succumbed to Robin's poison

Illustrated notes

Levels and vault maps discovered:
D:1:      minmay_arrival_four_loops, layout_basic, minivault_4
D:2:      layout_basic, basic_ecumenical_altar, uniq_natasha, uniq_robin,
          uniq_jessica

Skill      XL: |  1 |
---------------+----+-----
Long Blades    | 3 |  3.3
Fighting       | |  2.0
Throwing       | |  1.0
Armour         | |  1.1
Dodging        | |  2.1
Spellcasting   | |  2.0
Translocations | |  2.4

Action                   || total
-------------------------++-------
Melee: Short sword       ||    11
       Falchion          ||     4
       Kick              ||     4
       Peck              ||     2
Throw: Boomerang         ||     1
  Use: Potion            ||     1
Armor: Leather armour    ||     4
Dodge: Dodged            ||     1

Table legend: (Time is in decaauts)
 A = Elapsed time spent in this place.
 B = Non-inter-level travel time spent in this place.
 C = Inter-level travel time spent in this place.
 D = Time resting spent in this place.
 E = Time spent auto-exploring this place.
 F = Levels seen in this place.
 G = Mean time per level.
                   A        B        C        D        E       F      G
               +--------+--------+--------+--------+--------+-----+--------+
         Total |     85 |     85 |      0 |      0 |     34 |   2 |   42.5 |
       Dungeon |     85 |     85 |      0 |      0 |     34 |   2 |   42.5 |
               +--------+--------+--------+--------+--------+-----+--------+

Top non-repeatable levels by time:
     D:2: 84 daAuts
     D:1: 1 daAuts
